 Dungeon Crawl Stone Soup version 0.23.1 (webtiles) character file.

Game seed: 0

93 doot the Caller (level 4, 0/24 HPs)
             Began as a Deep Elf Summoner on Mar 2, 2019.
             Slain by a phantom (7 damage)
             ... on level 4 of the Dungeon.
             The game lasted 00:04:48 (1206 turns).

doot the Caller (Deep Elf Summoner)                 Turns: 1206, Time: 00:04:50

Health: 0/24       AC:  2    Str:  5    XL:     4   Next: 36%
Magic:  4/12       EV: 13    Int: 21    God:
Gold:   67         SH:  0    Dex: 15    Spells: 2/12 levels left

rFire    . . .     SeeInvis .   i - +0 dagger
rCold    . . .     Gourm    .   (no shield)
rNeg     . . .     Faith    .   a - +0 robe
rPois    .         Spirit   .   (no helmet)
rElec    .         Reflect  .   (no cloak)
rCorr    .         Harm     .   (no gloves)
MR       .....                  (no boots)
Stlth    ++........             (no amulet)
HPRegen  0.08/turn              (no ring)
MPRegen  0.13/turn              (no ring)

@: no status effects
A: no striking features
a: no special abilities


You were on level 4 of the Dungeon.
You were not hungry.

You visited 1 branch of the dungeon, and saw 4 of its levels.

You collected 67 gold pieces.

Inventory:

Hand Weapons
 i - a +0 dagger (weapon)
Armour
 a - a +0 robe (worn)
Scrolls
 b - a scroll of blinking {unknown}
 d - a scroll of identify {unknown}
 e - a scroll of fog {unknown}
 l - a scroll of teleportation {unknown}
 m - a scroll of magic mapping {unknown}
 n - a scroll of enchant weapon {unknown}
Potions
 f - a potion of degeneration {unknown}
 g - a potion of lignification {unknown}
 h - a potion of haste {unknown}
 j - 3 potions of curing {unknown}
 k - a potion of ambrosia {unknown}
Comestibles
 c - 2 rations


   Skills:
 + Level 0.2 Fighting
 + Level 2.6 Dodging
 + Level 2.7 Stealth
 + Level 4.7 Spellcasting
 + Level 5.3 Summonings


You had 2 spell levels left.
You knew the following spells:

 Your Spells              Type           Power        Failure   Level  Hunger
a - Summon Small Mammal   Summ           ####         1%          1    None
b - Call Imp              Summ           ####....     1%          2    None
c - Call Canine Familiar  Summ           ####....     3%          3    ##.....
d - Summon Ice Beast      Ice/Summ       ###.....     36%         4    ####...

Your spell library contained the following spells:

 Spells                   Type           Power        Failure   Level  Hunger
 Magic Dart               Conj           #...         11%         1    None
 Searing Ray              Conj           #.....       17%         2    None
 Summon Guardian Golem    Hex/Summ       ###.....     11%         3    ##.....
 Dazzling Spray           Conj/Hex       #.....       32%         3    ##.....
 Summon Lightning Spire   Summ/Air       ###.....     36%         4    ####...
 Force Lance              Conj/Tloc      #.......     73%         4    ####...
 Fulminant Prism          Conj/Hex       #.........   73%         4    ####...
 Iskenderun's Mystic Bla  Conj           #.......     73%         4    ####...


Dungeon Overview and Level Annotations

Branches:
Dungeon (4/15)
 Temple: D:4-7

Altars:

Annotations:
D:2 Terence


Message History

You hit the phantom.
The phantom is lightly damaged.
Your hound misses the phantom.
Your ice beast hits the phantom.
Your ice beast freezes the phantom.
The phantom resists.
The phantom hits you.
* * * LOW HITPOINT WARNING * * *
Your hound misses the phantom.
Your crimson imp blinks!
You hit the phantom.
The phantom is moderately damaged.
Your hound bites the phantom.
Your ice beast barely misses the phantom.
The phantom barely misses you.
Unknown command.
You hit the phantom but do no damage.
The phantom is moderately damaged.
A hound skeleton comes into view.
Your ice beast hits the phantom.
Your ice beast freezes the phantom.
The phantom resists.
Your hound barely misses the phantom.
The phantom hits you!
You die...

.......# .......# .......#
#.....### #########........
## ..##...#@.........#. ..
.......YW........... .
..(......5h.........#####.
......5............###...##
#.##........<....Z## #...
#.###.........##### #.#.
#.# ##.......## #.#. #.#
##..#.#### #.#.
#.###..##..# #.#.


You could see a phantom, a hound skeleton, a friendly ice beast, a friendly
hound and 2 friendly crimson imps.

Vanquished Creatures
  A giant cockroach (D:4)
1 creature vanquished.

Vanquished Creatures (collateral kills)
  A scorpion (D:4)
  A bullfrog skeleton (D:4)
  2 hounds (D:4)
  An adder (D:3)
  A worm (D:2)
  2 dart slugs
  3 giant cockroaches
  2 goblins
  A hobgoblin (D:3)
  A bat (D:3)
  2 frilled lizards
  A kobold (D:2)
  A rat (D:1)
19 creatures vanquished.

Vanquished Creatures (others)
  A rat (D:2)
1 creature vanquished.

Grand Total: 21 creatures vanquished

Notes
Turn   | Place    | Note
-------+----------+-------------------------------------------
     0 | D:1      | doot the Deep Elf Summoner began the quest for the Orb.
     0 | D:1      | Reached XP level 1. HP: 10/10 MP: 6/6
   379 | D:2      | Noticed Terence
   422 | D:3      | Reached XP level 2. HP: 13/15 MP: 5/8
   426 | D:3      | Learned a level 2 spell: Call Imp
   802 | D:4      | Reached XP level 3. HP: 18/19 MP: 5/10
   803 | D:4      | Reached skill level 5 in Summonings
   812 | D:4      | Learned a level 3 spell: Call Canine Familiar
   832 | D:4      | Noticed a scorpion
   833 | D:4      | Noticed a phantom
   982 | D:4      | Noticed a scorpion
   990 | D:4      | Killed a scorpion
   990 | D:4      | Reached XP level 4. HP: 24/24 MP: 5/12
  1130 | D:4      | Noticed a slave
  1137 | D:4      | Learned a level 4 spell: Summon Ice Beast
  1206 | D:4      | Slain by a phantom

Skill      XL: |  1  2  3 |
---------------+----------+-----
Summonings     | 5 |  5.3
Spellcasting   | 4 |  4.7
Fighting       | |  0.2
Dodging        | |  2.6
Stealth        | |  2.7

Action                   |  1- 3 |  4- 6 || total
-------------------------+-------+-------++-------
Melee: Unarmed           |     3 |       ||     3
       Dagger            |     3 |    10 ||    13
 Cast: Summon Small Mamm |    18 |       ||    18
       Call Imp          |    13 |     2 ||    15
       Call Canine Famil |     2 |     1 ||     3
       Summon Ice Beast  |       |     1 ||     1
 Stab: Sleeping          |     1 |     1 ||     2
  Eat: Chunk             |       |     1 ||     1
Armor: Robe              |     8 |     1 ||     9
Dodge: Dodged            |    20 |     2 ||    22
